 Dungeon Sprint DCSS version 0.19-a0-1882-gbb73ea0 (webtiles) character file.

2156 poirepourri the Geomancer (level 9, 0/45 HPs)
             Began as a Gargoyle Earth Elementalist on Oct 14, 2016.
             Was a Follower of Vehumet.
             Slain by a centaur warrior (12 damage)
             ... in the Dungeon (Sprint I: "Red Sonja").
             The game lasted 00:02:24 (695 turns).

poirepourri the Geomancer (GrEE)                     Turns: 695, Time: 00:02:25

Health: 0/45       AC:  9    Str: 13    XL:     9   Next: 31%
Magic:  7/26       EV: 11    Int: 18    God:    Vehumet [*.....]
Gold:   289        SH:  0    Dex: 10    Spells: 5 memorised, 20 levels left

rFire  . . .     SeeInvis .     a - 41 stones
rCold  . . .     Gourm    .     b - +0 troll leather armour
rNeg   + . .     Faith    .     (no shield)
rPois  ∞         Spirit   .     (no helmet)
rElec  +         Dismiss  .     (no cloak)
rCorr  .         Reflect  .     (no gloves)
MR     .....     Harm     .     (no boots)
Stlth  ++........ NoTele   +    (no amulet)
                                (no ring)
                                (no ring)

@: no status effects
A: negative energy resistance 1, electricity resistance, unbreathing,
petrification resistance, rot immunity, AC +5
a: Renounce Religion


You were in the Dungeon.
You worshipped Vehumet.
Vehumet was aware of your devotion.
You were not hungry.

You visited 1 branch You collected 528 gold pieces.
You spent 239 gold pieces at shops.

Inventory:

Missiles
 a - 41 stones (in hand)
Armour
 b - a +0 troll leather armour (worn)
Wands
 h - a wand of paralysis (3/24)
Scrolls
 j - a scroll of blinking
 l - 2 scrolls of identify
Potions
 c - a potion of ambrosia
 g - a potion of haste
 i - a potion of resistance
Books
 k - a book of Geomancy

   Spells                             Type                      Level
   a - Sandblast                      Earth                        1
   b - Passwall                       Transmutation/Earth          2
   c - Stone Arrow                    Conjuration/Earth            3
   d - Petrify                        Transmutation/Earth          4
   e - Lee's Rapid Deconstruction     Earth                        5
Comestibles
 d - a bread ration
 f - 3 meat rations


   Skills:
 + Level 0.2 Fighting
 + Level 0.2 Armour
 - Level 1.5 Dodging
 - Level 2.1 Stealth
 - Level 0.6 Unarmed Combat
 * Level 13.9 Spellcasting
 + Level 4.4 Conjurations
 + Level 0.8 Transmutations
 + Level 14.9 Earth Magic


You had 20 spell levels left.
You knew the following spells:

 Your Spells              Type           Power        Failure   Level  Hunger
a - Sandblast             Erth           ######       0%          1    None
b - Passwall              Tmut/Erth      #####.....   1%          2    None
c - Stone Arrow           Conj/Erth      #####.       1%          3    None
d - Petrify               Tmut/Erth      #####...     2%          4    None
e - Lee's Rapid Deconstr  Erth           ######....   1%          5    ####...


Dungeon Overview and Level Annotations

Branches:
Dungeon (1/1)

Altars:
Cheibriados
Dithmenos
Elyvilon
Fedhas
Gozag
Hepliaklqana
Kikubaaqudgha
Nemelex Xobeh
Okawaru
Qazlal
Ru
Sif Muna
Trog
Uskayaw
Vehumet
Yredelemnul
Zin
The Shining One

Shops:
D (%[


Innate Abilities, Weirdness & Mutations

You are resistant to torment.
Your stone body is resilient. (AC +5)
You are immune to poison.
You resist negative energy. (rN+)
You are resistant to electric shocks. (rElec)
You can survive without breathing.
You are immune to petrification.
You are immune to rotting.


Message History

The centaur warrior hits you. x2
Casting: Stone Arrow
Confirm with . or Enter, or press ? or * to list all spells.
Aiming: Stone Arrow
Press: ? - help, Shift-Dir - straight line, f/p - centaur warrior
Aim: a centaur warrior (moderately wounded)
The stone arrow hits the centaur warrior.
The centaur warrior is heavily wounded.
The centaur warrior hits you!
* * * LOW HITPOINT WARNING * * *
Casting: Stone Arrow
Confirm with . or Enter, or press ? or * to list all spells.
Aiming: Sandblast
Press: ? - help, Shift-Dir - straight line, f/p - centaur warrior
Aim: a centaur warrior (heavily wounded)
The rocky blast hits the centaur warrior.
The centaur warrior is almost dead.
The centaur warrior hits you but does no damage.
The centaur warrior hits you!
You die...

#.[#####'#####'# ###
#..####..#...#)####)?#
#..#__####..##)#§≈§§c#
#..#_____##'#..+§§§§§+
#⌠⌠#_.∩...÷..._#≈cc§c#
####_..__##_(#'##.###
#_____###'#)#§)..###
############.####'###[##
#∩........'...'@c...'.∩#
###++++####...##########
##.## #+#


You could see a centaur warrior.

Vanquished Creatures
  A centaur warrior (D)
  Sonja (D)
  A deep troll (D)
  Sigmund (D)
  A yak (D)
  An ogre (D)
  A jelly (D)
  Ijyb (D)
8 creatures vanquished.

Vanquished Creatures (others)
  2 hornets (D)
2 creatures vanquished.

Grand Total: 10 creatures vanquished

Notes
Turn   | Place    | Note
-------+----------+-------------------------------------------
     0 | D        | poirepourri the Gargoyle Earth Elementalist began the quest for the Orb.
     0 | D        | Reached XP level 1. HP: 10/10 MP: 3/3
     3 | D        | Noticed Ijyb
    30 | D        | Killed Ijyb
    30 | D        | Reached skill level 5 in Earth Magic
    30 | D        | Reached XP level 2. HP: 15/15 MP: 1/7
    30 | D        | Reached XP level 3. HP: 19/19 MP: 1/8
    62 | D        | Learned a level 2 spell: Passwall
    66 | D        | Learned a level 3 spell: Stone Arrow
   152 | D        | Noticed an ogre
   155 | D        | Killed an ogre
   155 | D        | Reached skill level 8 in Earth Magic
   155 | D        | Reached XP level 4. HP: 24/24 MP: 6/12
   213 | D        | Noticed Sigmund
   217 | D        | Killed Sigmund
   217 | D        | Reached skill level 10 in Earth Magic
   217 | D        | Reached XP level 5. HP: 18/28 MP: 9/16
   217 | D        | Reached XP level 6. HP: 21/32 MP: 9/17
   340 | D        | Found a deep blue altar of Sif Muna.
   342 | D        | Found a radiant altar of Vehumet.
   344 | D        | Reached skill level 11 in Earth Magic
   349 | D        | Killed a hornet
   358 | D        | Became a worshipper of Vehumet
   388 | D        | Learned a level 4 spell: Petrify
   394 | D        | Learned a level 5 spell: Lee's Rapid Deconstruction
   396 | D        | Found Koddou's Food Emporium.
   396 | D        | Found an ancient bone altar of Kikubaaqudgha.
   396 | D        | Found a hazy altar of Hepliaklqana.
   396 | D        | Found a stormy altar of Qazlal.
   396 | D        | Found a hide-covered altar of Uskayaw.
   396 | D        | Found a blossoming altar of Fedhas.
   396 | D        | Found a bloodstained altar of Trog.
   396 | D        | Found an iron altar of Okawaru.
   396 | D        | Found a basalt altar of Yredelemnul.
   396 | D        | Found a glowing golden altar of the Shining One.
   396 | D        | Found a snail-covered altar of Cheibriados.
   396 | D        | Found a sacrificial altar of Ru.
   396 | D        | Found a glowing silver altar of Zin.
   396 | D        | Found a shadowy altar of Dithmenos.
   396 | D        | Found a white marble altar of Elyvilon.
   396 | D        | Noticed a yak
   401 | D        | Killed a yak
   401 | D        | Reached skill level 10 in Spellcasting
   401 | D        | Reached skill level 1 in Conjurations
   401 | D        | Reached XP level 7. HP: 26/36 MP: 8/20
   421 | D        | Killed a hornet
   479 | D        | Found an opulent altar of Gozag.
   480 | D        | Found a sparkling altar of Nemelex Xobeh.
   484 | D        | Bought a meat ration for 60 gold pieces
   484 | D        | Bought a meat ration for 60 gold pieces
   484 | D        | Bought a meat ration for 60 gold pieces
   491 | D        | Noticed Sonja
   491 | D        | Paralysed by Sonja for 4 turns
   496 | D        | Killed Sonja
   496 | D        | Reached skill level 13 in Earth Magic
   496 | D        | Reached XP level 8. HP: 41/41 MP: 16/23
   553 | D        | Found Renedut's Weapon Boutique.
   573 | D        | Noticed a deep troll
   576 | D        | Killed a deep troll
   576 | D        | Reached * piety under Vehumet
   576 | D        | Offered knowledge of Magic Dart by Vehumet.
   576 | D        | Reached skill level 14 in Earth Magic
   603 | D        | Found Vaufidan's Armour Emporium.
   653 | D        | Bought 22 stones for 30 gold pieces
   653 | D        | Bought 21 stones for 29 gold pieces
   680 | D        | Noticed a centaur warrior
   682 | D        | Noticed a centaur warrior
   691 | D        | Killed a centaur warrior
   691 | D        | Reached XP level 9. HP: 13/45 MP: 13/26
   695 | D        | Slain by a centaur warrior

Vault maps used:
D:        dungeon_sprint_1

Skill      XL: |  1  2  3  4  5  6  7  8 |
---------------+-------------------------+-----
Spellcasting   | 4 6 8 10 11 13 | 13.9
Earth Magic    | 5 8 10 11 13 14 | 14.9
Conjurations   | 1 2 4 |  4.4
Fighting       | |  0.2
Armour         | |  0.2
Dodging        | |  1.5
Stealth        | |  2.1
Unarmed Combat | |  0.6
Transmutations | |  0.8

Action                   |  1- 3 |  4- 6 |  7- 9 || total
-------------------------+-------+-------+-------++-------
Melee: Unarmed           |    11 |       |       ||    11
 Cast: Sandblast         |    10 |     7 |     5 ||    22
       Stone Arrow       |       |     4 |     7 ||    11
       Lee's Rapid Decon |       |       |     1 ||     1
  Use: Potion            |     4 |       |     1 ||     5
       Scroll            |       |       |     1 ||     1
Armor: Robe              |     4 |       |       ||     4
       Troll leather arm |       |       |     2 ||     2
Dodge: Dodged            |    10 |     1 |       ||    11
